 Dungeon Crawl Stone Soup version 0.31-a0-1321-g5021b54 (webtiles) character file.

Game seed: 7107956582871934138

12 Meow the Conjurer (level 2, 22/22 HPs)
             Began as a Naga Conjurer on Dec 20, 2023.
             Quit the game on level 1 of the Dungeon.
             The game lasted 00:01:48 (813 turns).

Meow the Conjurer (Naga Conjurer)                    Turns: 813, Time: 00:01:48

Health: 22/22      AC:  1    Str:  9    XL:     2   Next: 33%
Magic:  5/5        EV:  9    Int: 18    God:
Gold:   41         SH:  0    Dex:  9    Spells: 2/5 levels left

rFire   . . .        a - +0 dagger
rCold   . . .        (no shield)
rNeg    . . .        c - +0 robe
rPois   +            (no helmet)
rElec   .            (no cloak)
rCorr   .            (no gloves)
SInv    +            (no barding)
Will    .....        (no amulet)
Stlth   ++           (no ring)
HPRegen 0.23/turn    (no ring)
MPRegen 0.09/turn

%: no passive effects
@: about to teleport, very slow
A: AC +0, large, see invisible, deformed body, poison resistance, slowness 2,
spit poison 1, naga tail 1
a: Spit Poison


You were on level 1 of the Dungeon.
You visited 1 branch of the dungeon, and saw 1 of its levels.

You collected 41 gold pieces.

Inventory:

Hand Weapons
 a - a +0 dagger (weapon)
Missiles
 d - 9 stones
Armour
 c - a +0 robe (worn)
 f - a scarf of shadows
Potions
 b - a potion of magic
 h - a potion of enlightenment
 i - a potion of curing {unknown}
 j - a potion of degeneration {unknown}


   Skills:
 - Level 1.5 Dodging
 + Level 3.6 Stealth
 + Level 2.2 Spellcasting
 + Level 4.2 Conjurations


You had 2 spell levels left.
You knew the following spells:

 Your Spells              Type           Power      Damage    Failure   Level
a - Magic Dart            Conj           68%        1d6       3%          1
b - Searing Ray           Conj           34%        2d5       4%          2

Your spell library contained the following spells:

 Spells                   Type           Power      Damage    Failure   Level
 Fulminant Prism          Conj/Alch      4%         3d5       58%         4
 Iskenderun's Mystic Bla  Conj/Tloc      9%         2d4       58%         4


Dungeon Overview and Level Annotations

Branches:
Dungeon (1/15)

Altars:


Innate Abilities, Weirdness & Mutations

Your serpentine skin is tough. (AC +0)
You have supernaturally acute eyesight. (SInv)
Armour fits poorly on your strangely shaped body.
Your system is resistant to poisons. (rPois)
You cover ground very slowly.
You can spit poison.
You have a snake-like lower body.


Message History

Aim: a kobold, wielding a +0 short sword and quivering stones (100% to hit)
The magic dart hits the kobold but does no damage.
The kobold throws a stone.
The stone hits you but does no damage.
Casting: Magic Dart (safe; 3% risk of failure)
Confirm with . or Enter, or press ? or * to list all spells.
Aiming: Magic Dart (safe; 3% risk of failure)
Press: ? - help, Shift-Dir - straight line, f/p - kobold
Aim: a kobold, wielding a +0 short sword and quivering stones (100% to hit)
The magic dart hits the kobold.
You kill the kobold!
Unknown command.
Okay, then.
You start resting.
Magic restored.
Okay, then.
d - 9 stones (gained 3)
Things that are here:
a +0 short sword; a kobold corpse
There is an open door here.
There is an open door here.
You open the door.
There is an open door here.
There is an open door here.
There is a staircase leading out of the dungeon here.
You open the door.
There is an open door here.
Done exploring.
Done exploring.
As you read the scroll labelled SORIAT EVEARIRA, it crumbles to dust.
It is a scroll of identify.
e - a scroll of teleportation
There is an open door here.
There is an open door here.
There is an open door here.
There is a stone staircase leading down here.
As you read the scroll of teleportation, it crumbles to dust.
You feel strangely unstable.
As you read the scroll of identify, it crumbles to dust.
h - a potion of enlightenment Are you sure you want to abandon this character and quit the game? (Confirm with "yes".)

# #....# #....#
########## #....# #....#
.....^...## #....#
#..†.# ########..#
##..## ######....#
##.####..###
##.........#
#.........###..####....#
##.........#..## #....#
#########...........##
#...>#
#..............@.##..#
###.##
##.#######......).###.#
#.# ...#
#.........##.##### #.#
####
####.....###.##.....#
#.## # ###[....####
#.######.###..# #
##...#.#.# #..#
#...###.# ####..##..#.#
##.# #...# #.#
.....##.....#
#.####...###)#
####....#.###
#....>....##.#


There were no monsters in sight!

Vanquished Creatures
  A dart slug (D:1)
  A ball python (D:1)
  An endoplasm (D:1)
  4 frilled lizards (D:1)
  5 kobolds (D:1)
12 creatures vanquished.

Notes
Turn   | Place    | Note
-------+----------+-------------------------------------------
     0 | D:1      | Meow the Naga Conjurer began the quest for the Orb.
     0 | D:1      | Reached XP level 1. HP: 15/15 MP: 3/3
   205 | D:1      | Reached XP level 2. HP: 22/22 MP: 0/5
   208 | D:1      | Learned a level 2 spell: Searing Ray
   813 | D:1      | Quit the game

Illustrated notes

Levels and vault maps discovered:
D:1:      dpeg_arrival_another_circle, layout_rooms, amethyst_killhole

Action                     || total
---------------------------++-------
   Cast: Magic Dart        ||    16
Ability: Spit Poison       ||     6
    Use: Scroll            ||     3
 Armour: Robe              ||     4
  Dodge: Dodged            ||     1

Table legend: (Time is in decaauts)
 A = Elapsed time spent in this place.
 B = Non-inter-level travel time spent in this place.
 C = Inter-level travel time spent in this place.
 D = Time resting spent in this place.
 E = Time spent auto-exploring this place.
 F = Levels seen in this place.
 G = Mean time per level.
                   A        B        C        D        E       F      G
               +--------+--------+--------+--------+--------+-----+--------+
         Total |   1050 |    994 |     56 |    159 |    735 |   1 | 1050.0 |
       Dungeon |   1050 |    994 |     56 |    159 |    735 |   1 | 1050.0 |
               +--------+--------+--------+--------+--------+-----+--------+

Top non-repeatable levels by time:
     D:1: 1050 daAuts
